 Dungeon Crawl Stone Soup version 0.19-a0-1511-g16f215b (webtiles) character file.

2571 st0uf the Geomancer (level 9, -7/49 HPs)
             Began as a Gargoyle Earth Elementalist on Sept 11, 2016.
             Was a Believer of Vehumet.
             Mangled by an orc warrior
             ... wielding a cursed -3 trident
              (18 damage)
             ... on level 7 of the Dungeon.
             The game lasted 00:47:35 (7965 turns).

st0uf the Geomancer (Gargoyle Earth Elementalist)   Turns: 7965, Time: 00:47:35

Health: -7/49      AC: 10    Str: 11    XL:     9   Next: 57%
Magic:  1/20       EV: 12    Int: 20    God:    Vehumet [**....]
Gold:   183        SH:  0    Dex: 10    Spells: 3 memorised, 14 levels left

rFire  + + .     SeeInvis .     L - +6 lajatang "Ultimatum" {slice, -Tele rPois rF+ rN+}
rCold  + . .     Gourm    .     G - +1 robe {rC+ rF+}
rNeg   + + .     Faith    .     (shield currently unavailable)
rPois  ∞         Spirit   .     (no helmet)
rElec  +         Dismiss  .     (no cloak)
rCorr  .         Reflect  .     C - +0 pair of gloves (curse)
MR     .....     Harm     .     (no boots)
Stlth  ++........ NoTele   +    (no amulet)
                                (no ring)
                                (no ring)

@: very slightly contaminated
A: negative energy resistance 1, electricity resistance, unbreathing,
petrification resistance, rot immunity, AC +5
a: Renounce Religion


You were on level 7 of the Dungeon.
You worshipped Vehumet.
Vehumet was pleased with you.
You were very hungry.

You visited 2 branches of the dungeon, and saw 8 of its levels.
You also visited: Sewer.

You collected 457 gold pieces.
You spent 274 gold pieces at shops.

Inventory:

Hand Weapons
 g - a +3 short sword of freezing
 j - a +0 dagger of venom
 E - a +0 morningstar
 L - the +6 lajatang "Ultimatum" (weapon) {slice, -Tele rPois rF+ rN+}
   (You found it on level 6 of the Dungeon)

   It inflicts extra damage upon your enemies.
   It protects you from fire.
   It protects you from poison.
   It protects you from negative energy.
   It prevents most forms of teleportation.
Missiles
 b - 149 stones (quivered)
Armour
 c - a +0 robe
 C - a cursed +0 pair of gloves (worn)
 G - a +1 robe of resistance (worn)
Jewellery
 M - an uncursed ring of see invisible {unknown}
Wands
 o - a wand of flame (22/48)
 y - a wand of flame (25/48)
 A - a wand of flame (13/48)
 N - a wand of lightning (8/15)
Scrolls
 f - 3 scrolls of random uselessness
 h - a scroll of immolation {unknown}
 n - 3 scrolls of identify
 q - 4 scrolls of remove curse {unknown}
 r - a scroll of enchant armour {unknown}
 s - 2 scrolls of teleportation {unknown}
 u - a scroll of fear {unknown}
 x - 5 scrolls of blinking {unknown}
 F - a scroll of recharging {unknown}
 J - a scroll of enchant weapon {unknown}
 K - a scroll of amnesia {unknown}
Potions
 a - 3 potions of might {unknown}
 k - 4 potions of cure mutation {unknown}
 l - 3 potions of berserk rage {unknown}
 m - a potion of degeneration {unknown}
 p - 3 potions of haste {unknown}
 w - 2 potions of agility {unknown}
 z - 2 potions of heal wounds {unknown}
 B - a potion of mutation {unknown}
 D - a potion of ambrosia
 H - a potion of flight {unknown}
 I - a potion of curing {unknown}
Books
 e - a book of Geomancy

   Spells                             Type                      Level
   a - Sandblast                      Earth                        1
   b - Passwall                       Transmutation/Earth          2
   c - Stone Arrow                    Conjuration/Earth            3
   d - Petrify                        Transmutation/Earth          4
   e - Lee's Rapid Deconstruction     Earth                        5
Comestibles
 d - 4 bread rations
 i - 4 meat rations
 t - 3 slices of pizza
 v - 2 beef jerkies


   Skills:
 + Level 2.9 Fighting
 + Level 1.1 Staves
 + Level 3.2 Armour
 + Level 2.9 Dodging
 - Level 2.1 Stealth
 * Level 7.8 Spellcasting
 + Level 5.3 Conjurations
   Level 0.7 Transmutations
 + Level 8.1 Earth Magic


You had 14 spell levels left.
You knew the following spells:

 Your Spells              Type           Power        Failure   Level  Hunger
a - Sandblast             Erth           #####.       1%          1    None
b - Stone Arrow           Conj/Erth      ####..       1%          3    None
c - Lee's Rapid Deconstr  Erth           #####.....   10%         5    #####..


Dungeon Overview and Level Annotations

Branches:
Dungeon (7/15)             Temple (1/1) D:5

Altars:
Ashenzari
Cheibriados
Makhleb
Nemelex Xobeh
Qazlal
Sif Muna
Trog
Vehumet
Xom
Yredelemnul

Shops:
D:4 [   D:5 %


Innate Abilities, Weirdness & Mutations

You are resistant to torment.
Your stone body is resilient. (AC +5)
You are immune to poison.
You resist negative energy. (rN+)
You are resistant to electric shocks. (rElec)
You can survive without breathing.
You are immune to petrification.
You are immune to rotting.


Message History

Confirm with . or Enter, or press ? or * to list all spells.
Aiming: Stone Arrow
Press: ? - help, Shift-Dir - straight line, f/p - big kobold
Aim: a big kobold (moderately wounded)
You miscast Stone Arrow.
You are very lightly contaminated with residual magic.
Nothing appears to happen.
The big kobold hits you.
The orc warrior hits you from afar with a trident.
* * * LOW HITPOINT WARNING * * *
The kobold hits you but does no damage.
Casting: Stone Arrow
Confirm with . or Enter, or press ? or * to list all spells.
Aiming: Stone Arrow
Press: ? - help, Shift-Dir - straight line, f/p - big kobold
Aim: a big kobold (moderately wounded)
The stone arrow hits the big kobold.
The big kobold is heavily wounded.
The big kobold hits you but does no damage.
The orc warrior hits you from afar with a trident!!
You die...

#.....##
##.#...#####
##..###.....##
##...#
#####..###
##.(#.## ##....
######..##>.####
####.
.....K........>.
##
####o##).####..#
## #.))K@K## #.#
.. ....)(#### ..
## .#..> #.. #..
#. #


You could see an orc warrior, a big kobold and a kobold.

Vanquished Creatures
  Prince Ribbit (D:7)
  Sigmund (D:3)
  Eustachio (D:4)
  Menkaure (D:4)
  A water moccasin (D:6)
  A sky beast (D:5)
  An ice beast (D:5)
  A centaur (D:6)
  A gnoll sergeant (D:3)
  2 giant frogs (Sewer)
  6 orc priests
  A jelly (D:5)
  A giant frog zombie (D:6)
  3 gnoll shamans (D:3)
  2 hounds
  A giant frog skeleton (D:7)
  4 orc wizards
  A centaur skeleton (D:5)
  Natasha (twice) (D:3)
  3 worker ants
  A worker ant zombie (D:6)
  Robin (D:3)
  31 gnolls (D:3)
  10 adders
  A river rat (D:3)
  A shadow imp (D:5)
  14 oozes (Sewer)
  An adder zombie (D:6)
  An adder skeleton (D:6)
  2 worms
  2 dart slugs (D:1)
  17 giant geckos
  19 orcs
  13 ball pythons
  13 giant cockroaches
  19 goblins
  8 hobgoblins
  24 jackals
  5 quokkas
  6 bats
  A giant gecko skeleton (D:5)
  8 giant newts
  12 kobolds
  8 rats
253 creatures vanquished.

Vanquished Creatures (others)
  Natasha (D:3)
1 creature vanquished.

Grand Total: 254 creatures vanquished

Notes
Turn   | Place    | Note
-------+----------+-------------------------------------------
     0 | D:1      | st0uf the Gargoyle Earth Elementalist began the quest for the Orb.
     0 | D:1      | Reached XP level 1. HP: 10/10 MP: 3/3
   200 | D:1      | Reached XP level 2. HP: 7/15 MP: 1/5
   424 | D:1      | Reached skill level 4 in Earth Magic
   806 | D:1      | Reached XP level 3. HP: 19/19 MP: 7/7
   811 | D:1      | Learned a level 3 spell: Stone Arrow
  1533 | D:3      | Found a faded altar of an unknown god.
  1601 | D:3      | Reached skill level 1 in Conjurations
  1601 | D:3      | Reached XP level 4. HP: 10/24 MP: 4/8
  1683 | D:3      | Found a glowing drain.
  1800 | Sewer    | Entered a sewer
  2022 | Sewer    | Reached XP level 5. HP: 23/28 MP: 10/10
  2089 | Sewer    | Reached skill level 5 in Earth Magic
  3075 | Sewer    | Reached XP level 6. HP: 32/32 MP: 10/12
  3198 | D:3      | Noticed Natasha
  3204 | D:3      | Killed Natasha
  3534 | D:3      | Reached skill level 5 in Spellcasting
  3543 | D:3      | Reached XP level 7. HP: 33/36 MP: 5/14
  3544 | D:3      | Noticed Natasha
  3568 | D:3      | Killed Natasha
  3601 | D:3      | Noticed Sigmund
  3932 | D:3      | Reached skill level 6 in Earth Magic
  3953 | D:3      | Found a radiant altar of Vehumet.
  3966 | D:3      | Noticed Natasha
  4128 | D:3      | Killed Natasha
  4332 | D:3      | Became a worshipper of Vehumet
  4493 | D:3      | Learned a level 5 spell: Lee's Rapid Deconstruction
  5014 | D:3      | Reached * piety under Vehumet
  5014 | D:3      | Offered knowledge of Sting by Vehumet.
  5093 | D:3      | Reached XP level 8. HP: 24/41 MP: 2/17
  5108 | D:3      | Noticed Robin
  5116 | D:3      | Killed Robin
  5411 | D:3      | Killed Sigmund
  5411 | D:3      | Reached skill level 7 in Earth Magic
  5542 | D:4      | Noticed Eustachio
  5546 | D:4      | Killed Eustachio
  5830 | D:4      | Reached skill level 1 in Armour
  6045 | D:4      | Noticed Menkaure
  6050 | D:4      | Killed Menkaure
  6050 | D:4      | Reached skill level 1 in Fighting
  6148 | D:4      | Found Acvadich's Antique Armour Shoppe.
  6176 | D:4      | Bought a runed robe for 18 gold pieces
  6176 | D:4      | Bought a pair of shimmering gloves for 256 gold pieces
  6180 | D:4      | Identified the +0 pair of gloves of Zagrud {*Confuse Str+7 Stlth+} (You bought it in a shop on level 4 of the Dungeon)
  6588 | D:5      | Entered Level 5 of the Dungeon
  6758 | D:5      | Found a staircase to the Ecumenical Temple.
  6768 | D:5      | Reached XP level 9. HP: 48/48 MP: 16/19
  6775 | Temple   | Entered the Ecumenical Temple
  6854 | D:5      | Found Doivayf's Food Shop.
  6960 | D:5      | Reached ** piety under Vehumet
  6960 | D:5      | Offered knowledge of Shock by Vehumet.
  6960 | D:5      | Reached skill level 5 in Conjurations
  7528 | D:6      | Got a dazzling lajatang
  7529 | D:6      | Identified the +6 lajatang "Ultimatum" {slice, -Tele rPois rF+ rN+} (You found it on level 6 of the Dungeon)
  7704 | D:6      | Found a shimmering altar of Xom.
  7711 | D:6      | Found a shattered altar of Ashenzari.
  7738 | D:6      | Found a sparkling altar of Nemelex Xobeh.
  7848 | D:6      | Reached skill level 8 in Earth Magic
  7946 | D:7      | Offered knowledge of Inner Flame by Vehumet.
  7955 | D:7      | Noticed Prince Ribbit
  7957 | D:7      | Killed Prince Ribbit
  7957 | D:7      | Reached skill level 1 in Staves
  7965 | D:7      | Mangled by an orc warrior

Vault maps used:
D:1:      minmay_arrival_stair_chambers
D:2:      first_bread, minmay_misc_feat_alley
D:3:      lemuel_castle_with_subvaults, lemuel_doored_altar,
          gup_sewer_entry_spiral, ecumenical_altar_1, uniq_robin, uniq_natasha,
          uniq_sigmund
D:4:      serial_shops, shop, grunt_ministairs_4, eino_tiny_chamber,
          uniq_menkaure, uniq_eustachio
D:5:      serial_shops, nicolae_shop_crystal
D:6:      minitemple, minmay_misc_feat_iff, nemelex_xobeh_ov_fountains_minmay
D:7:      nicolae_ru_path_of_blood, nicolae_water_bricks, the_bakery,
          uniq_joseph, uniq_prince_ribbit1
Temple:   eino_temple_rhombus
Sewer:    sewer_frog_island_02

Skill      XL: |  1  2  3  4  5  6  7  8  9 |
---------------+----------------------------+-----
Earth Magic    | 4 5 6 7 8 |  8.1
Spellcasting   | 3 4 5 6 7 |  7.8
Conjurations   | 1 2 3 4 5 |  5.3
Armour         | 1 3 |  3.2
Fighting       | 2 |  2.9
Dodging        | 2 |  2.9
Staves         | 1 |  1.1
Stealth        | |  2.1
Transmutations | |  0.7

Action                   |  1- 3 |  4- 6 |  7- 9 || total
-------------------------+-------+-------+-------++-------
Melee: Unarmed           |     1 |       |       ||     1
       Short sword       |     9 |    11 |       ||    20
       Dagger            |    74 |   268 |   248 ||   590
       Morningstar       |       |       |     3 ||     3
       Lajatang          |       |       |    35 ||    35
 Cast: Sandblast         |    25 |    22 |    31 ||    78
       Stone Arrow       |       |     4 |    87 ||    91
       Lee's Rapid Decon |       |       |     3 ||     3
  Use: Scroll            |       |       |     3 ||     3
 Stab: Distracted        |     1 |       |       ||     1
       Sleeping          |       |     2 |     1 ||     3
  Eat: Chunk             |     2 |     8 |    16 ||    26
Armor: Robe              |    25 |   114 |   135 ||   274
Dodge: Dodged            |    53 |   170 |   223 ||   446
